 Dungeon Crawl Stone Soup version 0.27-a0-1301-g128193abf8 (webtiles) character file.

Game seed: 17751916996549014132

56 27snakeeyes612 the Shield-Bearer (level 3, -9/24 HPs)
             Began as a Gargoyle Fighter on June 17, 2021.
             Mangled by an ogre (24 damage)
             ... on level 3 of the Dungeon.
             The game lasted 00:01:07 (2024 turns).

27snakeeyes612 the Shield-Bearer (Gargoyle Fighter) Turns: 2024, Time: 00:01:08

Health: -9/24      AC: 10    Str: 20    XL:     3   Next: 97%
Magic:  3/3        EV:  7    Int:  8    God:
Gold:   71         SH:  9    Dex:  9    Spells: 2/2 levels left

rFire    . . .     SeeInvis .   a - +0 flail
rCold    . . .     Faith    .   c - +0 kite shield
rNeg     + . .     Spirit   .   b - +0 scale mail
rPois    ∞         Reflect  .   (no helmet)
rElec    +         Harm     .   (no cloak)
rCorr    .         Rampage  .   (no gloves)
Will     .....                  (no boots)
Stlth    ..........             (no amulet)
HPRegen  0.08/turn              (no ring)
MPRegen  0.08/turn              (no ring)

@: studying Fire Magic
A: sickness immunity, AC +3, negative energy resistance 1, electricity
resistance, torment resistance 1, petrification resistance
a: no special abilities


You were on level 3 of the Dungeon.
You visited 1 branch of the dungeon, and saw 3 of its levels.

You collected 71 gold pieces.

Inventory:

Hand Weapons
 a - a +0 flail (weapon)
Armour
 b - a +0 scale mail (worn)
 c - a +0 kite shield (worn)
Scrolls
 f - 2 scrolls of teleportation {unknown}
 g - a scroll of silence {unknown}
 i - 2 scrolls of amnesia {unknown}
 j - 2 scrolls of noise {unknown}
 k - a scroll of enchant weapon {unknown}
Potions
 d - a potion of might
 e - a potion of experience {unknown}


   Skills:
 + Level 3.8 Fighting
 + Level 2.8 Maces & Flails
 + Level 3.7 Armour
 + Level 3.8 Shields


You had 2 spell levels left.
You didn't know any spells.
Your spell library contained the following spells:

 Spells                   Type           Power      Damage    Failure   Level
 Confusing Touch          Hex            0%         N/A       100%        3
 Gell's Gravitas          Tloc           0%         N/A       100%        3
 Petrify                  Tmut/Erth      0%         N/A       100%        4
 Metabolic Englaciation   Hex/Ice        0%         N/A       100%        5
 Yara's Violent Unravell  Hex/Tmut       0%         3d3       100%        5


Dungeon Overview and Level Annotations

Branches:
Dungeon (3/15)

Altars:


Innate Abilities, Weirdness & Mutations

You are immune to sickness and miasma.
Your stone body is resilient. (AC +3)
You are immune to poison.
You resist negative energy. (rN+)
You are resistant to electric shocks. (rElec)
You are resistant to unholy torment.
You are immune to petrification.


Message History

You hit the orc.
The orc is severely wounded.
You block the orc's attack.
You sock the orc!
You kill the orc!
You thump the orc!
You kill the orc!
Things that are here:
a +0 short sword; a +0 short sword; an orc corpse You start resting.
HP restored.
There is a stone staircase leading down here.
There is a stone staircase leading down here.
You climb downwards.
A rat and an ogre come into view.
The ogre shouts!
Found 7 gold pieces.
There is a stone staircase leading up here.
Throw: 2 darts (curare)
Press: ? - help, Q - select action Shift-Dir - straight line, f - ogre
Aim: an ogre, wielding a +0 giant spiked club (71% to hit)
You throw a curare-tipped dart.
The curare-tipped dart barely misses the ogre.
The rat bites you but does no damage.
Throw: dart (curare)
Press: ? - help, Q - select action Shift-Dir - straight line, f/p - ogre
Aim: an ogre, wielding a +0 giant spiked club (71% to hit)
You throw a curare-tipped dart. The curare-tipped dart hits the ogre.
The ogre is poisoned.
The ogre convulses.
The ogre seems to slow down.
The ogre is moderately wounded.
The ogre hits you with a +0 giant spiked club!
You block the rat's attack.
You thump the ogre!
The ogre is almost dead.
The rat twitches its whiskers.
You block the rat's attack.
The ogre hits you with a +0 giant spiked club!!
Ouch! That really hurt!
You die...

#########
#.......#
#$......#
#.......#
#.......#
#.......#
#...@r..#
#....O..#
#.......#
#######(#
.# #


You could see an ogre (very poisoned, slow) and a rat.

Vanquished Creatures
  An adder (D:2)
  A dart slug (D:2)
  2 orcs (D:2)
  4 bats
  9 endoplasms
  2 hobgoblins
  3 jackals (D:2)
  2 quokkas
  A ball python (D:2)
  A frilled lizard (D:2)
  A goblin (D:1)
  6 kobolds
  4 rats (D:2)
37 creatures vanquished.

Notes
Turn   | Place    | Note
-------+----------+-------------------------------------------
     0 | D:1      | 27snakeeyes612 the Gargoyle Fighter began the quest for the
                  | Orb.
     0 | D:1      | Reached XP level 1. HP: 14/14 MP: 1/1
   532 | D:1      | Reached XP level 2. HP: 19/19 MP: 2/2
  1045 | D:2      | Reached XP level 3. HP: 20/24 MP: 3/3
  1565 | D:2      | Found a faded altar of an unknown god.
  2021 | D:3      | Noticed an ogre
  2024 | D:3      | Mangled by an ogre

Illustrated notes

Levels and vault maps discovered:
D:1:      nicolae_arrival_memento_mori, layout_loops_ring,
          minmay_misc_feat_diagonals
D:2:      layout_loops_ring, ebering_ecumenical_altar_webs,
          minmay_tree_intersection, minmay_ruptured
D:3:      layout_rooms, old_standard_altar, st_stairs_3, uniq_terence

Action                   || total
-------------------------++-------
Melee: Flail             ||   122
Throw: Dart              ||     2
Armor: Scale mail        ||    97
Dodge: Dodged            ||    41
Block: Kite shield       ||    59

Table legend: (Time is in decaauts)
 A = Elapsed time spent in this place.
 B = Non-inter-level travel time spent in this place.
 C = Inter-level travel time spent in this place.
 D = Time resting spent in this place.
 E = Time spent auto-exploring this place.
 F = Levels seen in this place.
 G = Mean time per level.
                   A        B        C        D        E       F      G
               +--------+--------+--------+--------+--------+-----+--------+
         Total |   2087 |   2029 |     58 |    189 |   1543 |   3 |  695.7 |
       Dungeon |   2087 |   2029 |     58 |    189 |   1543 |   3 |  695.7 |
               +--------+--------+--------+--------+--------+-----+--------+

Top non-repeatable levels by time:
     D:2: 1175 daAuts
     D:1: 875 daAuts
     D:3: 36 daAuts
